 Dungeon Crawl Stone Soup version 0.28.0-47-ge53b351184 (webtiles) character file.

Game seed: 14220634768483470709

84 NinjaNoafa the Chopper (level 4, -2/41 HPs)
             Began as a Hill Orc Monk on May 10, 2022.
             Slain by Sigmund
             ... wielding a +2 vorpal scythe
              (7 damage)
             ... on level 2 of the Dungeon.
             The game lasted 00:04:51 (2117 turns).

NinjaNoafa the Chopper (Hill Orc Monk)              Turns: 2117, Time: 00:04:51

Health: -2/41      AC:  9    Str: 12 (15) XL:     4   Next: 45%
Magic:  4/4        EV:  9    Int:  7 (10) God:
Gold:   55         SH:  0    Dex: 12 (13) Spells: 3/3 levels left

rFire   . . .      SeeInvis .   a - +1 hand axe
rCold   . . .      Faith    .   (no shield)
rNeg    . . .      Spirit   .   h - +3 scale mail
rPois   .          Reflect  .   (no helmet)
rElec   .          Harm     .   (no cloak)
rCorr   .          Rampage  .   (no gloves)
Will    .....                   (no boots)
Stlth   ..........              (no amulet)
HPRegen 0.13/turn               (no ring)
MPRegen 0.09/turn               (no ring)

@: no status effects
A: no striking features
a: no special abilities


You were on level 2 of the Dungeon.
You visited 1 branch of the dungeon, and saw 2 of its levels.

You collected 55 gold pieces.

Inventory:

Hand Weapons
 a - a +1 hand axe (weapon)
Missiles
 f - 57 stones
 j - 3 poisoned darts (quivered)
Armour
 h - a +3 scale mail (worn)
Scrolls
 i - a scroll of immolation {unknown}


   Skills:
 + Level 4.3 Fighting
 + Level 4.8 Axes
 * Level 3.0 Armour
 - Level 2.4 Dodging
 - Level 1.5 Stealth


You had 3 spell levels left.
You didn't know any spells.
Your spell library was empty.

Dungeon Overview and Level Annotations

Branches:
Dungeon (2/15)

Altars:

Annotations:
D:2 Sigmund


Message History

Sigmund barely misses you.
Magic scrolls do not work when you're silenced!
You hit Sigmund.
Sigmund is heavily wounded.
Sigmund barely misses you.
You barely miss Sigmund.
Sigmund is moderately wounded.
You closely miss Sigmund.
Sigmund is moderately wounded.
Sigmund barely misses you.
You hit Sigmund.
Sigmund is heavily wounded.
Sigmund casts a spell.
Sigmund flickers and vanishes!
You aren't carrying any potions.
You miss something.
Your hearing returns.
You hear some strange, mumbled words.
You are confused.
You bump into the rock wall.
You hear some strange, mumbled words.
Something tries to affect you, but you resist.
You bump into the rock wall.
The kobold throws a stone.
Something hits you.
You miss something.
The kobold throws a stone.
The stone barely misses you.
You miss something. Something hits you.
You feel less confused. Something hits you.
* * * LOW HITPOINT WARNING * * *
The kobold throws a stone.
The stone hits you but does no damage.
You hit something. You hit something but do no damage. Something hits you.
* * * LOW HITPOINT WARNING * * *
x2 You miss something.
The kobold throws a stone.
The stone hits you but does no damage. Something hits you but does no damage.
You closely miss something.
The kobold throws a stone.
You miss something. Something hits you.
* * * LOW HITPOINT WARNING * * *
x2 The kobold throws a stone.
Something hits you!
You die...

.......#...
#..#.........
...#.###....#
#..#.......<# #..#.##
#...# #..#Kg #.#.## #
#..#{# #.#..# #.####.#.#
#.##.## #......@.# #.
#..# .....#..## ## ##.#
### .....#..# #.## #.#
........#########..###.#
............)...........
....>#############..##..
..... ###.##.# .....
#....#.. .... ##....#..


You could see a goblin and a kobold.

Vanquished Creatures
  4 adders (D:2)
  2 dart slugs (D:1)
  6 bats
  4 endoplasms
  A giant cockroach (D:1)
  4 goblins
  5 hobgoblins
  2 kobolds (D:1)
  2 quokkas (D:1)
  2 ball pythons
  3 frilled lizards
  6 rats
41 creatures vanquished.

Notes
Turn   | Place    | Note
-------+----------+-------------------------------------------
     0 | D:1      | NinjaNoafa the Hill Orc Monk began the quest for the Orb.
     0 | D:1      | Reached XP level 1. HP: 19/19 MP: 1/1
   232 | D:1      | Reached skill level 1 in Armour
   397 | D:1      | Reached XP level 2. HP: 23/27 MP: 2/2
   886 | D:1      | Reached XP level 3. HP: 33/33 MP: 3/3
  1158 | D:1      | Found a faded altar of an unknown god.
  1682 | D:2      | Reached XP level 4. HP: 29/40 MP: 4/4
  2032 | D:2      | Noticed Sigmund
  2117 | D:2      | Slain by Sigmund

Illustrated notes

Levels and vault maps discovered:
D:1:      elethiomel_arrival_shortcut, layout_basic,
          shapermc_ecumenical_altar_starsandcircs
D:2:      layout_basic, feat_on_display, uniq_sigmund

Skill      XL: |  1  2  3  4 |
---------------+-------------+-----
Armour         | 1 2 3 |  3.0
Fighting       | 4 |  4.3
Axes           | |  4.8
Dodging        | |  2.4
Stealth        | |  1.5

Action                   |  1- 3 |  4- 6 || total
-------------------------+-------+-------++-------
Melee: Hand axe          |   130 |    40 ||   170
       Punch             |     3 |     1 ||     4
Throw: Stone             |     7 |       ||     7
  Use: Scroll            |       |     7 ||     7
       Potion            |       |     1 ||     1
 Stab: Sleeping          |     2 |       ||     2
Armor: Robe              |    32 |       ||    32
       Scale mail        |    11 |    13 ||    24
Dodge: Dodged            |   107 |    19 ||   126
